 Dungeon Crawl Stone Soup version 0.31.0-32-g396128a36d (webtiles) character file.

Game seed: 214066566271428769

69 diceflayer the Chopper (level 4, -1/35 HPs)
             Began as a Demonspawn Fighter on Apr 23, 2024.
             Slain by a sleepcap (3 damage)
             ... on level 3 of the Dungeon.
             The game lasted 00:01:34 (1459 turns).

diceflayer the Chopper (Demonspawn Fighter)         Turns: 1459, Time: 00:01:35

Health: -1/35      AC: 11    Str: 19    XL:     4   Next: 2%
Magic:  4/4        EV:  9    Int:  8    God:
Gold:   73         SH:  4    Dex: 12    Spells: 3/3 levels left

rFire   . . .        a - +0 war axe
rCold   . . .        c - +0 buckler
rNeg    . . .        b - +1 scale mail
rPois   .            f - +0 helmet
rElec   .            k - +0 cloak
rCorr   .            (no gloves)
SInv    .            (no boots)
Will    .....        (no amulet) Stlth
                     (no ring)
HPRegen 0.25/turn    (no ring)
MPRegen 0.09/turn

%: no passive effects
@: no status effects
A: molten scales 1
a: no special abilities


You were on level 3 of the Dungeon.
You visited 1 branch of the dungeon, and saw 3 of its levels.

You collected 73 gold pieces.

Inventory:

Hand Weapons
 a - a +0 war axe (weapon)
Armour
 b - a +1 scale mail (worn)
 c - a +0 buckler (worn)
 f - a +0 helmet (worn)
 k - a +0 cloak (worn)
Scrolls
 e - 3 scrolls of enchant armour
 g - a scroll of identify
 h - a scroll of teleportation
Potions
 d - a potion of might
 i - a potion of mutation {unknown}
 j - a potion of degeneration {unknown}
 l - a potion of berserk rage {unknown}


   Skills:
 - Level 3.0 Fighting
 + Level 4.0 Axes
 - Level 2.6 Armour
 - Level 2.6 Shields


You had 3 spell levels left.
You didn't know any spells.
Your spell library contained the following spells:

 Spells                   Type           Power      Damage    Failure   Level
 Ensorcelled Hibernation  Hex/Ice        0%         N/A       94%         2
 Passwall                 Erth           0%         N/A       99%         3
 Stone Arrow              Conj/Erth      0%         3d7       99%         3
 Swiftness                Air            0%         N/A       99%         3
 Animate Armour           Summ/Erth      0%         N/A       100%        4
 Sculpt Simulacrum        Ice/Alch       0%         N/A       100%        6
 Ozocubu's Refrigeration  Ice            0%         4d7       100%        7
 Lehudib's Crystal Spear  Conj/Erth      0%         10d2      100%        8
 Polar Vortex             Ice            0%         N/A       100%        9


Dungeon Overview and Level Annotations

Branches:
Dungeon (3/15)

Altars:


Innate Abilities, Weirdness & Mutations

You are partially covered in molten scales. (AC +2)


Message History

Unknown command.
You hit the sleepcap but do no damage.
The sleepcap is heavily damaged.
You completely miss the goblin. The sleepcap releases spores at you.
You are engulfed in a cloud of soporific spores!
You fall asleep.
The goblin hits you with a +0 club!
You wake up.
You are too injured to fight recklessly!
Unknown command.
You are too injured to fight recklessly!
Unknown command.
You are too injured to fight recklessly!
Unknown command.
You hit the goblin but do no damage.
The goblin is moderately wounded.
You hit the sleepcap. The goblin closely misses you.
You block the sleepcap's attack.
The sleepcap releases spores at you but does no damage.
You block the goblin's attack.
Unknown command.
You hit the goblin.
You kill the goblin!
You hit the sleepcap. The sleepcap barely misses you.
Your Axes skill increases to level 4!
Unknown command.
You hit the sleepcap.
The sleepcap is almost destroyed.
The sleepcap releases spores at you but does no damage.
You hit the sleepcap but do no damage.
The sleepcap is almost destroyed.
The sleepcap closely misses you. The sleepcap releases spores at you.
You are engulfed in a cloud of soporific spores!
You fall asleep.
The sleepcap releases spores at you but does no damage. x2
The sleepcap releases spores at you!
You wake up.
* * * LOW HITPOINT WARNING * * *
You hit the sleepcap but do no damage.
The sleepcap is almost destroyed.
The sleepcap releases spores at you.
You die...

.. ..#..#
#.##.....
#.......#
#.......#
#.......#
#.......#
#.[...f)#
#......@#
#.......#
#......<#
#.......#
####.####
... ###


You could see a sleepcap.

Vanquished Creatures
  An adder (D:2)
  A dart slug (D:1)
  2 ribbon worms (D:2)
  A ball python (D:2)
  2 bats
  5 endoplasms
  3 giant cockroaches (D:1)
  7 goblins
  7 hobgoblins
  3 jackals (D:2)
  2 quokkas (D:1)
  2 frilled lizards
  6 kobolds
  5 rats
47 creatures vanquished.

Notes
Turn   | Place    | Note
-------+----------+-------------------------------------------
     0 | D:1      | diceflayer the Demonspawn Fighter began the quest for the
                  | Orb.
     0 | D:1      | Reached XP level 1. HP: 18/18 MP: 1/1
    54 | D:1      | Reached skill level 2 in Axes
   169 | D:1      | Gained mutation: You are partially covered in molten
                  | scales. (AC +2) [demonic ancestry]
   169 | D:1      | Reached XP level 2. HP: 24/24 MP: 2/2
   320 | D:1      | Reached skill level 3 in Axes
   709 | D:2      | Reached XP level 3. HP: 29/29 MP: 3/3
  1449 | D:3      | Reached XP level 4. HP: 29/35 MP: 4/4
  1454 | D:3      | Reached skill level 4 in Axes
  1459 | D:3      | Slain by a sleepcap

Illustrated notes

Levels and vault maps discovered:
D:1:      kennysheep_arrival_seaside, layout_rooms, minivault_11,
          nrook_mini_backslash, serial_bayou_ford_a
D:2:      layout_loops_cross
D:3:      layout_loops_cross, zin_treasury, serial_bayou, serial_bayou_pond_d,
          serial_bayou_crossing, serial_bayou_shore_b, serial_bayou_lagoon_a,
          kennysheep_generic_room_8

Skill      XL: |  1  2  3  4 |
---------------+-------------+-----
Axes           | 2 3 4 |  4.0
Fighting       | |  3.0
Armour         | |  2.6
Shields        | |  2.6

Action                     |  1- 3 |  4- 6 || total
---------------------------+-------+-------++-------
  Melee: War axe           |   152 |     8 ||   160
    Use: Scroll            |     6 |       ||     6
 Armour: Scale mail        |   110 |    12 ||   122
  Dodge: Dodged            |    58 |     6 ||    64
  Block: Buckler           |    34 |     2 ||    36
